 Dungeon Crawl Stone Soup version 0.20.0-1-g1cb1d84 (webtiles) character file.

5719 Gorglomux the Thaumaturge (level 10, -4/50 HPs)
             Began as a Deep Elf Fire Elementalist on May 26, 2017.
             Was an Elder of Vehumet.
             Hit by a javelin thrown by Urug (6 damage)
             ... on level 10 of the Dungeon.
             The game lasted 00:18:16 (8939 turns).

Gorglomux the Thaumaturge (DEFE)                    Turns: 8939, Time: 00:18:16

Health: -4/50      AC:  9    Str:  5    XL:     10   Next: 48%
Magic:  18/36      EV: 13    Int: 28    God:    Vehumet [****..]
Gold:   420        SH:  0    Dex: 21    Spells: 19/32 levels left

rFire    . . .     SeeInvis +   t - staff of death
rCold    . . .     Gourm    .   (no shield)
rNeg     + . .     Faith    +   a - +0 robe
rPois    .         Spirit   .   p - +1 helmet
rElec    .         Reflect  .   O - +2 cloak
rCorr    .         Harm     .   E - +0 pair of gloves
MR       ++...                  L - +0 pair of boots
Stlth    ++........             T - amulet of faith
Regen    0.2/turn               N - ring of Gehaim {MR+ Int+4 Dex+6 SInv}
MPRegen  0.3/turn               D - ring of magical power

@: no status effects
A: no striking features
a: Renounce Religion


You were on level 10 of the Dungeon.
You worshipped Vehumet.
Vehumet was greatly pleased with you.
You were not hungry.

You visited 2 branches of the dungeon, and saw 11 of its levels.
You also visited: Sewer.

You collected 420 gold pieces.

Inventory:

Armour
 a - a +0 robe (worn)
 l - a +0 buckler
 p - a +1 helmet (worn)
 E - a +0 pair of gloves (worn)
 L - a +0 pair of boots (worn)
 O - a +2 cloak (worn)
Magical Staves
 t - an uncursed staff of death (weapon)
Jewellery
 o - an uncursed ring of poison resistance
 x - a +4 amulet of reflection {unknown}
 D - a ring of magical power (right hand)
 F - an uncursed amulet of magic regeneration {unknown}
 N - the ring of Gehaim (left hand) {MR+ Int+4 Dex+6 SInv}
   (You found it on level 4 of the Dungeon)

   [ring of see invisible]

   It affects your intelligence (+4).
   It affects your dexterity (+6).
   It affects your resistance to hostile enchantments.
   It lets you see invisible.
 T - an amulet of faith (around neck)
 Y - a cursed amulet of inaccuracy {unknown}
 Z - the ring "Nomy Tutt" {+Fly Str+3 Int-4 Dex+3 Slay+4}
   (You found it on level 6 of the Dungeon)

   [ring of strength]

   It affects your strength (+3).
   It affects your intelligence (-4).
   It affects your dexterity (+3).
   It affects your accuracy and damage with ranged weapons and melee attacks
   (+4).
   It lets you fly.
Wands
 m - a wand of iceblast (4/15)
 I - a wand of iceblast (3/15)
 P - a wand of paralysis (7/24)
 R - a wand of iceblast (4/15)
Scrolls
 f - 2 scrolls of enchant armour {unknown}
 n - a scroll of immolation {unknown}
 q - 2 scrolls of random uselessness {unknown}
 u - 2 scrolls of noise
 v - a scroll of recharging {unknown}
 w - 3 scrolls of remove curse
 B - 2 scrolls of blinking
 G - a scroll of fear {unknown}
 J - 3 scrolls of enchant weapon
 K - 2 scrolls of teleportation {unknown}
 M - a scroll of magic mapping
 S - 2 scrolls of amnesia {unknown}
Potions
 e - 3 potions of haste
 r - a potion of invisibility
 s - a potion of resistance
 y - 3 potions of flight
 A - 2 potions of brilliance
 H - 9 potions of heal wounds
 Q - 9 potions of curing
 V - a potion of cancellation
 W - a potion of might {unknown}
 X - 3 potions of agility
Books
 b - a book of Flames

   Spells                             Type                      Level
   a - Flame Tongue                   Conjuration/Fire             1
   b - Throw Flame                    Conjuration/Fire             2
   c - Conjure Flame                  Conjuration/Fire             3
   d - Inner Flame                    Hexes/Fire                   3
   e - Sticky Flame                   Conjuration/Fire             4
   f - Fireball                       Conjuration/Fire             5
Miscellaneous
 U - a box of beasts
Comestibles
 c - 4 bread rations
 k - 2 chunks of flesh
 z - 2 meat rations
 C - a royal jelly


   Skills:
 - Level 2.4 Dodging
 - Level 2.4 Stealth
 + Level 11.9 Spellcasting
 + Level 10.1 Conjurations
 + Level 10.4 Fire Magic


You had 19 spell levels left.
You knew the following spells:

 Your Spells              Type           Power        Failure   Level  Hunger
a - Flame Tongue          Conj/Fire      #####        1%          1    None
b - Sticky Flame          Conj/Fire      ######..     1%          4    None
c - Fireball              Conj/Fire      ######....   1%          5    ###....
j - Conjure Flame         Conj/Fire      ######..     1%          3    None


Dungeon Overview and Level Annotations

Branches:
Dungeon (10/15)            Temple (1/1) D:4
   Lair: D:8-11         Orc: D:9-12

Altars:
Ashenzari
Cheibriados
Dithmenos
Elyvilon
Fedhas
Gozag
Hepliaklqana
Kikubaaqudgha
Makhleb
Nemelex Xobeh
Okawaru
Qazlal
Ru
Sif Muna
Trog
Uskayaw
Vehumet
Xom
Yredelemnul
Zin
The Shining One

Shops:
D:7 (

Annotations:
D:10 Urug


Message History

Casting: Fireball
Confirm with . or Enter, or press ? or * to list all spells.
Aiming: Fireball
Press: ? - help, Shift-Dir - straight line, f/p - Urug
Aim: Urug, wielding an enchanted long sword and wearing a ring mail (heavily wounded)
The fireball explodes!
The fireball engulfs Urug.
Urug is severely wounded.
Urug throws a javelin.
The javelin hits you!
* * * LOW HITPOINT WARNING * * *
Unknown command.
Unknown command.
Casting: Fireball
Confirm with . or Enter, or press ? or * to list all spells.
Aiming: Fireball
Press: ? - help, Shift-Dir - straight line, f/p - Urug
Aim: Urug, wielding an enchanted long sword and wearing a ring mail (severely wounded)
The fireball explodes!
The fireball engulfs Urug.
Urug is almost dead.
Urug throws a javelin.
The javelin hits you.
You die...

####.# #.#
#.# ##.#
###.# ...#
#..## #..#
#..# #..#
#..# #..#
#..# #..#
#..#
#.@####..#
#........#
#.#####.##
... #.#
..)o. #.#
...... ..#
.....# ###
.....


You could see Urug.

Vanquished Creatures
  3 two-headed ogres
  3 yaks (D:8)
  Duvessa (D:7)
  5 sky beasts
  A black bear (D:9)
  An ogre (D:4)
  A phantom (D:6)
  2 centaurs
  3 big kobolds
  A bullfrog (D:9)
  A wyvern skeleton (D:6)
  Dowan (D:7)
  4 scorpions
  9 wights
  2 howler monkeys (D:8)
  2 centaur zombies
  4 hounds
  5 orc priests
  Crazy Yiuf (D:6)
  A bullfrog skeleton (D:8)
  8 iguanas
  6 orc wizards
  8 worker ants
  12 adders
  8 gnolls
  6 river rats (Sewer)
  4 oozes
  4 adder skeletons
  2 worms
  3 dart slugs
  5 leopard geckos
  29 orcs
  4 bats (D:3)
  2 giant cockroaches (D:3)
  11 goblins
  11 hobgoblins
  15 jackals
  26 kobolds
  8 quokkas
  9 ball pythons
  6 frilled lizards
  24 rats
262 creatures vanquished.

Notes
Turn   | Place    | Note
-------+----------+-------------------------------------------
     0 | D:1      | Gorglomux the Deep Elf Fire Elementalist began the quest for the Orb.
     0 | D:1      | Reached XP level 1. HP: 10/10 MP: 6/6
   242 | D:1      | Reached XP level 2. HP: 7/15 MP: 3/8
   757 | D:1      | Found a glowing golden altar of the Shining One.
   950 | D:1      | Reached XP level 3. HP: 19/19 MP: 7/10
   955 | D:1      | Learned a level 3 spell: Conjure Flame
   964 | D:1      | Reached skill level 4 in Spellcasting
  1528 | D:2      | Reached XP level 4. HP: 24/24 MP: 8/12
  1535 | D:2      | Learned a level 4 spell: Sticky Flame
  2075 | D:3      | Reached skill level 5 in Spellcasting
  2197 | D:3      | Reached XP level 5. HP: 28/28 MP: 14/14
  2353 | D:3      | Found a shadowy altar of Dithmenos.
  2423 | D:3      | Learned a level 5 spell: Fireball
  2480 | D:3      | Reached skill level 3 in Conjurations
  2917 | D:4      | Got a scintillating bone ring
  2919 | D:4      | Identified the ring of Gehaim {MR+ Int+4 Dex+6 SInv} (You found it on level 4 of the Dungeon)
  2985 | D:4      | Noticed an ogre
  3016 | D:4      | Killed an ogre
  3016 | D:4      | Reached skill level 6 in Spellcasting
  3016 | D:4      | Reached XP level 6. HP: 18/32 MP: 4/17
  3561 | D:4      | Found a staircase to the Ecumenical Temple.
  3710 | Temple   | Entered the Ecumenical Temple
  3823 | Temple   | Became a worshipper of Vehumet
  3993 | D:5      | Entered Level 5 of the Dungeon
  4033 | D:5      | Reached XP level 7. HP: 36/36 MP: 18/18
  4174 | D:5      | Found a glowing drain.
  4221 | Sewer    | Entered a sewer
  4377 | Sewer    | Reached * piety under Vehumet
  4377 | Sewer    | Offered knowledge of Sandblast by Vehumet.
  4506 | Sewer    | Reached skill level 7 in Spellcasting
  4506 | Sewer    | Reached skill level 6 in Fire Magic
  5018 | D:5      | Found an iron altar of Okawaru.
  5364 | D:6      | Found a shattered altar of Ashenzari.
  5378 | D:6      | Got a scorched pewter ring
  5380 | D:6      | Identified the ring "Nomy Tutt" {+Fly Str+3 Int-4 Dex+3 Slay+4} (You found it on level 6 of the Dungeon)
  5459 | D:6      | Offered knowledge of Sting by Vehumet.
  5459 | D:6      | Reached XP level 8. HP: 41/41 MP: 11/21
  5460 | D:6      | Reached skill level 6 in Conjurations
  5467 | D:6      | Reached ** piety under Vehumet
  5560 | D:6      | Reached skill level 8 in Spellcasting
  5769 | D:6      | Noticed a two-headed ogre
  5781 | D:6      | Killed a two-headed ogre
  5781 | D:6      | Reached skill level 9 in Spellcasting
  5781 | D:6      | Reached XP level 9. HP: 42/45 MP: 16/24
  5900 | D:6      | Found a runed door.
  5963 | D:6      | Found a shimmering altar of Xom.
  6343 | D:6      | Noticed Crazy Yiuf
  6345 | D:6      | Killed Crazy Yiuf
  6477 | D:7      | Found Vyjaoruh's Weapon Shop.
  6521 | D:7      | Offered knowledge of Static Discharge by Vehumet.
  6590 | D:7      | Noticed Dowan
  6592 | D:7      | Killed Dowan
  6598 | D:7      | Noticed Duvessa
  6605 | D:7      | Killed Duvessa
  6900 | D:7      | Reached skill level 10 in Spellcasting
  7101 | D:8      | Reached *** piety under Vehumet
  7175 | D:8      | Noticed a two-headed ogre
  7184 | D:8      | Killed a two-headed ogre
  7184 | D:8      | Reached skill level 9 in Fire Magic
  7228 | D:8      | Reached skill level 9 in Conjurations
  7514 | D:8      | Offered knowledge of Iskenderun's Mystic Blast by Vehumet.
  7514 | D:8      | Reached skill level 11 in Spellcasting
  7631 | D:8      | Reached XP level 10. HP: 50/50 MP: 23/27
  7967 | D:8      | Reached **** piety under Vehumet
  8357 | D:9      | Offered knowledge of Fulminant Prism by Vehumet.
  8426 | D:9      | Found a radiant altar of Vehumet.
  8749 | D:9      | Found a shattered altar of Ashenzari.
  8796 | D:10     | Entered Level 10 of the Dungeon
  8819 | D:10     | Noticed a two-headed ogre
  8833 | D:10     | Killed a two-headed ogre
  8935 | D:10     | Noticed Urug
  8938 | D:10     | HP: 1/50 [Urug/javelin (16)]
  8939 | D:10     | Hit by a javelin thrown by Urug

Skill      XL: |  1  2  3  4  5  6  7  8  9 10 |
---------------+-------------------------------+-----
Spellcasting   | 4 5 6 7 9 11 | 11.9
Conjurations   | 2 3 4 5 7 9 10 | 10.1
Fire Magic     | 4 5 6 8 9 10 | 10.4
Dodging        | |  2.4
Stealth        | |  2.4

Action                   |  1- 3 |  4- 6 |  7- 9 | 10-12 || total
-------------------------+-------+-------+-------+-------++-------
Melee: Unarmed           |     5 |    21 |     6 |       ||    32
       Staff             |       |       |     2 |       ||     2
 Cast: Flame Tongue      |    65 |   144 |   201 |    91 ||   501
       Sticky Flame      |       |     2 |     7 |     4 ||    13
       Conjure Flame     |       |     2 |     4 |     6 ||    12
       Fireball          |       |     1 |    30 |    15 ||    46
  Use: Scroll            |       |     1 |    11 |     3 ||    15
 Stab: Sleeping          |       |     1 |     1 |       ||     2
  Eat: Chunk             |     2 |     7 |    17 |     5 ||    31
Armor: Robe              |     4 |    12 |    14 |    13 ||    43
Dodge: Dodged            |    20 |    49 |    36 |    21 ||   126
